 Dungeon Crawl Stone Soup version 0.31-a0-1005-gfbdfbacc72 (webtiles) character file.

Game seed: 17142152562723449035

6934 Monkfish the Unseen (level 11, -3/64 HPs)
             Began as a Kobold Monk on Nov 11, 2023.
             Was a Believer of Dithmenos.
             Slain by a yak (8 damage)
             ... on level 8 of the Dungeon.
             The game lasted 00:36:27 (11384 turns).

Monkfish the Unseen (Kobold Monk)                  Turns: 11384, Time: 00:36:28

Health: -3/64      AC: 11    Str: 10    XL:     11   Next: 27%
Magic:  11/11      EV: 13    Int: 12    God:    Dithmenos [**....]
Gold:   505        SH:  5    Dex: 20    Spells: 10/10 levels left

rFire   + + .        q - +3 dagger (drain)
rCold   x . .        m - +0 buckler
rNeg    + . .        D - +2 scale mail {rPois}
rPois   +            (no helmet)
rElec   .            i - +0 cloak
rCorr   .            (no gloves)
SInv    .            E - +0 pair of boots
Will    .....        r - amulet "Henaxikepty" {RegenMP rF+}
Stlth   ++++++++     f - ring of fire
HPRegen 0.30/turn    y - ring of positive energy
MPRegen 0.52/turn

%: no passive effects
@: hasted, wreathed by umbra, very quick
A: small, no large weapons, nightstalker 3
a: Renounce Religion, Shadow Step


You were on level 8 of the Dungeon.
You worshipped Dithmenos.
Dithmenos was pleased with you.
You visited 1 branch of the dungeon, and saw 9 of its levels.
You also visited: Sewer and Bailey.

You collected 505 gold pieces.

Inventory:

Hand Weapons
 e - a +3 dagger of electrocution
 q - a +3 dagger of draining (weapon)
 u - the +6 short sword "Niudwid" {heavy, Str+3}
   (You found it on level 3 of the Dungeon)

   Str+3:     It affects your strength (+3).
Armour
 d - an orb of light
 i - a +0 cloak (worn)
 k - the +0 pair of gloves "Reqegiz" {Contam Str+3 Slay+2}
   (You found it in a bailey)

   Str+3:     It affects your strength (+3).
   Slay+2:    It affects your accuracy & damage with ranged weapons and melee
   (+2).
   Contam:    It causes magical contamination when unequipped.
 m - a +0 buckler (worn)
 D - a +2 scale mail of poison resistance (worn)
 E - a +0 pair of boots (worn)
Jewellery
 f - a ring of fire (left hand)
 l - the amulet "Foaremn" {Acrobat *Corrode rPois rC+ rN+}
   (You found it on level 2 of the Dungeon)

   [amulet of the acrobat]

   Acrobat:   It increases your evasion while moving and waiting.
   rC+:       It protects you from cold.
   rPois:     It protects you from poison rN+: It protects you from negative
   energy.
   *Corrode:  It may corrode you when you take damage.
 r - the amulet "Henaxikepty" (around neck) {RegenMP rF+}
   (You took it off an orc on level 3 of the Dungeon)

   [amulet of magic regeneration]

   RegenMP:   It increases your rate of magic regeneration.
   rF+:       It protects you from fire.
 y - a ring of positive energy (right hand)
Scrolls
 n - 3 scrolls of revelation
 p - a scroll of immolation
 s - 4 scrolls of poison
 x - a scroll of brand weapon
 z - a scroll of vulnerability
 B - 7 scrolls of teleportation
Potions
 b - a potion of brilliance {unknown}
 c - 2 potions of ambrosia
 g - 4 potions of curing {unknown}
 h - 2 potions of haste
 j - 2 potions of mutation {unknown}
 o - 4 potions of resistance
 t - 4 potions of heal wounds {unknown}
 v - 3 potions of cancellation
 A - 2 potions of invisibility {unknown}
 C - 2 potions of enlightenment {unknown}
 F - 2 potions of might {unknown}


   Skills:
 + Level 6.2 Fighting
 * Level 11.9 Short Blades
 + Level 4.1 Armour
 + Level 6.9 Dodging
 * Level 15.6 Stealth
 + Level 0.6 Evocations


You had 10 spell levels left.
You didn't know any spells.
Your spell library contained the following spells:

 Spells                   Type           Power      Damage    Failure   Level
 Kiss of Death            Conj/Necr      0%         2d5       97%         1
 Magic Dart               Conj           0%         1d3       97%         1
 Sandblast                Erth           0%         2d4       97%         1
 Call Imp                 Summ           0%         N/A       99%         2
 Passwall                 Tmut/Erth      0%         N/A       99%         2
 Searing Ray              Conj           0%         2d4       99%         2
 Sublimation of Blood     Necr           0%         N/A       99%         2
 Wereblood                Tmut           0%         N/A       99%         2
 Confusing Touch          Hex            0%         N/A       100%        3
 Mephitic Cloud           Conj/Pois/Air  0%         N/A       100%        3
 Stone Arrow              Conj/Erth      0%         3d7       100%        3
 Brom's Barrelling Bould  Conj/Erth      0%         2d3       100%        4
 Dispel Undead            Necr           0%         3d6       100%        4
 Fulminant Prism          Conj/Hex       0%         3d5       100%        4
 Summon Hydra             Summ           0%         N/A       100%        7


Dungeon Overview and Level Annotations

Branches:
Dungeon (9/15)             Temple (0/1) D:5           Sewer (visited)
 Bailey (visited)
   Lair: D:8-11         Orc: D:9-12

Altars:
Dithmenos
Gozag
Makhleb
Okawaru
Ru
Uskayaw
Vehumet
Xom
Yredelemnul
The Shining One

Shops:
D:2 (

Annotations:
D:7 1 exclusion, DEFE's ghost, novice DsWn; MrCrawl's ghost, novice DrFE
D:8 Grum
D:9 Pikel


Innate Abilities, Weirdness & Mutations

You are small and have problems with some larger weapons.
You are completely attuned to the shadows.


Message History

The bullfrog hits you but does no damage.
The bullfrog closely misses you. You block the bullfrog's attack.
Pikel shouts!
The yak bellows!
You climb upwards.
Level annotation: Grum
There is a stone staircase leading down here.
The bullfrog hits you but does no damage.
The bullfrog attacks as it pursues you!
The bullfrog hits you but does no damage. x2
The bullfrog attacks as it pursues you!
The bullfrog hits you but does no damage.
The bullfrog hits you. The bullfrog attacks as it pursues you!
The bullfrog hits you.
The black bear growls angrily.
You hit the bullfrog.
The bullfrog is lightly wounded.
You hear a bellow!
You block the bullfrog's attack. The bullfrog barely misses you.
The bullfrog hits you but does no damage.
You block the black bear's attack. The black bear claws you.
The black bear claws you but does no damage.
Things that are here:
a +0 robe; a +3 battleaxe The bullfrog closely misses you.
A yak comes into view.
The bullfrog closely misses you.
The black bear bites you but does no damage.
The black bear claws you but does no damage.
The black bear barely misses you. You block the bullfrog's attack.
The bullfrog releases a deep croak.
You block the bullfrog's attack. The bullfrog misses you.
You block the yak's attack. The efreet attacks as it pursues you!
The efreet hits you with a +2 scimitar of flaming!
* * * LOW HITPOINT WARNING * * *
The efreet burns you.
* * * LOW HITPOINT WARNING * * *
You feel yourself speed up. The bullfrog closely misses you. The yak gores you!
You die...

...'......○......#
○°○#.○....○☼.....#
#..#......○#÷...##...##
..####+###.○##'###.....
.## ##......#..... #
##...[.#.....
##°.h.#.....
#.☼F#[...P. #..R@...P..
+....Y.P..l #....P...P.
#.....P.## #.......'


You could see a yak, an efreet, a black bear and a bullfrog.

Vanquished Creatures
  2 orc knights (Bailey)
  An elephant (D:8)
  A komodo dragon (D:8)
  A hornet (D:7)
  Prince Ribbit (D:7)
  Eustachio (D:5)
  2 steam dragons
  Duvessa (D:5)
  2 water moccasins
  3 black bears
  A sky beast (D:7)
  3 orc warriors (Bailey)
  3 ice beasts
  A centaur (D:8)
  An ogre (D:6)
  3 wolves (D:8)
  A kobold brigand (Sewer)
  4 bullfrogs
  Blork the orc (D:4)
  2 gnoll sergeants
  4 scorpions
  4 wights (D:8)
  Dowan (D:5)
  7 killer bees
  4 howler monkeys
  4 orc priests
  2 jellies
  6 hounds
  Jessica (D:2)
  Natasha (thrice) (D:3)
  10 orc wizards
  5 iguanas
  Robin (D:3)
  26 gnolls
  11 adders
  7 river rats (Sewer)
  A white imp (D:6)
  4 ufetubi
  3 worms
  3 dart slugs
  58 orcs
  13 endoplasms
  6 giant cockroaches
  18 goblins
  19 hobgoblins
  20 jackals
  16 kobolds
  5 quokkas
  14 ball pythons
  10 bats
  9 frilled lizards
  35 rats
365 creatures vanquished.

Notes
Turn   | Place    | Note
-------+----------+-------------------------------------------
     0 | D:1      | Monkfish the Kobold Monk began the quest for the Orb.
     0 | D:1      | Reached XP level 1. HP: 14/14 MP: 1/1
   143 | D:1      | Reached XP level 2. HP: 19/19 MP: 2/2
   269 | D:1      | Reached skill level 1 in Stealth
   397 | D:1      | Reached XP level 3. HP: 20/24 MP: 3/3
  1186 | D:2      | Found Cirphyxtof's Antique Weapon Emporium.
  1279 | D:2      | Reached XP level 4. HP: 13/29 MP: 4/4
  1282 | D:2      | Reached skill level 5 in Short Blades
  1282 | D:2      | Reached skill level 2 in Stealth
  1537 | D:2      | Found a faded altar of an unknown god.
  1826 | D:2      | Noticed Jessica
  1830 | D:2      | Killed Jessica
  1831 | D:2      | Reached skill level 3 in Stealth
  1831 | D:2      | Reached XP level 5. HP: 33/33 MP: 5/5
  2331 | D:2      | Identified the amulet "Foaremn" {Acrobat *Corrode rPois rC+
                  | rN+}
  2819 | D:3      | Reached skill level 4 in Stealth
  2827 | D:3      | Noticed Natasha
  2841 | D:3      | Killed Natasha
  2842 | D:3      | Reached XP level 6. HP: 23/38 MP: 6/6
  2990 | D:3      | Noticed Natasha
  3006 | D:3      | Killed Natasha
  3042 | D:3      | Reached skill level 5 in Stealth
  3208 | D:3      | Noticed Robin
  3250 | D:3      | Killed Robin
  3587 | D:3      | Noticed Natasha
  3608 | D:3      | Killed Natasha
  3797 | D:3      | Identified the amulet "Henaxikepty" {RegenMP rF+}
  4003 | D:3      | Identified the +6 short sword "Niudwid" {heavy, Str+3}
  4099 | D:3      | Reached XP level 7. HP: 36/43 MP: 7/7
  4360 | D:3      | Reached skill level 5 in Dodging
  4369 | D:3      | Reached skill level 6 in Stealth
  5059 | D:3      | Reached XP level 8. HP: 44/48 MP: 8/8
  5270 | D:4      | Reached skill level 1 in Armour
  5270 | D:4      | Reached skill level 7 in Stealth
  5847 | D:4      | Noticed Blork the orc
  5850 | D:4      | Killed Blork the orc
  6101 | D:5      | Entered Level 5 of the Dungeon
  6135 | D:5      | Noticed Duvessa
  6141 | D:5      | Killed Duvessa
  6142 | D:5      | Reached skill level 8 in Stealth
  6142 | D:5      | Noticed Dowan
  6145 | D:5      | Killed Dowan
  6174 | D:5      | Found a sacrificial altar of Ru.
  6200 | D:5      | Found a glowing drain.
  6237 | Sewer    | Entered a sewer
  6303 | Sewer    | Reached XP level 9. HP: 52/53 MP: 9/9
  6439 | Sewer    | Reached skill level 9 in Stealth
  6895 | D:5      | Reached skill level 5 in Fighting
  6937 | D:5      | Found a staircase to the Ecumenical Temple.
  7368 | D:5      | Reached skill level 10 in Stealth
  7508 | D:5      | Reached skill level 10 in Short Blades
  7645 | D:5      | Found an opulent altar of Gozag.
  7649 | D:5      | Noticed Eustachio
  7654 | D:5      | Killed Eustachio
  7785 | D:6      | Reached skill level 11 in Stealth
  8024 | D:6      | Reached XP level 10. HP: 52/59 MP: 10/10
  8063 | D:6      | Reached skill level 12 in Stealth
  9043 | D:7      | Noticed Prince Ribbit
  9047 | D:7      | Killed Prince Ribbit
  9104 | D:7      | Found a flagged portal.
  9114 | Bailey   | Entered a bailey
  9210 | Bailey   | Reached skill level 13 in Stealth
  9277 | Bailey   | Noticed an orc knight
  9450 | Bailey   | Killed an orc knight
  9668 | Bailey   | Noticed an orc knight
  9850 | Bailey   | Killed an orc knight
 10024 | Bailey   | Identified the +0 pair of gloves "Reqegiz" {Contam Str+3
                  | Slay+2}
 10101 | D:7      | Found a radiant altar of Vehumet.
 10102 | D:7      | Found a basalt altar of Yredelemnul.
 10105 | D:7      | Found a shadowy altar of Dithmenos.
 10108 | D:7      | Found a shimmering altar of Xom.
 10115 | D:7      | Reached skill level 14 in Stealth
 10119 | D:7      | Became a worshipper of Dithmenos the Shadowed
 10119 | D:7      | Reached * piety under Dithmenos
 10119 | D:7      | Reached ** piety under Dithmenos
 10121 | D:7      | Found a sacrificial altar of Ru.
 10123 | D:7      | Found an iron altar of Okawaru.
 10125 | D:7      | Found a hide-covered altar of Uskayaw.
 10127 | D:7      | Found a burning altar of Makhleb.
 10223 | D:7      | Found a glowing golden altar of the Shining One.
 10535 | D:7      | Found a runed translucent gate.
 10535 | D:7      | Found a runed translucent gate.
 10536 | D:7      | Found a runed translucent gate.
 10671 | D:7      | Noticed MrCrawl's ghost (novice DrFE)
 10671 | D:7      | Noticed DEFE's ghost (novice DsWn)
 10772 | D:8      | Reached XP level 11. HP: 64/64 MP: 11/11
 10826 | D:8      | Noticed an elephant
 11037 | D:8      | Reached skill level 15 in Stealth
 11130 | D:8      | Noticed Grum
 11186 | D:8      | Killed an elephant
 11347 | D:8      | Noticed a cyclops
 11370 | D:9      | Noticed Pikel
 11384 | D:8      | Slain by a yak

Illustrated notes

Levels and vault maps discovered:
D:1:      wheals_arrival_linesprint, layout_basic, serial_bayou_ford_a,
          hangedman_decor_opposing, st_stairs_11
D:2:      minmay_razor_zed, layout_basic, hellmonk_ecumenical_altar_lost_god,
          serial_shops, nicolae_shop_statue_plus,
          chequers_serial_rivers_micro_e, uniq_jessica
D:3:      lemuel_castle_with_subvaults [lemuel_castle_interior_carwin_2],
          layout_basic, minmay_joined_circles, uniq_natasha, uniq_robin
D:4:      layout_loops_ring, uniq_blork_the_orc
D:5:      layout_basic, minmay_temple_entry_overgrown, portal_sewer_entry_f,
          hangedman_feature_mirror, uniq_eustachio, uniq_duvessa
D:6:      layout_rooms
D:7:      layout_loops_cross, tso_altar, nicolae_overflow_hallway_of_the_gods,
          enter_bailey_7, gammafunk_ghost_cemetery, kennysheep_generic_room_8,
          uniq_prince_ribbit1
D:8:      minmay_the_grid_octo_triangle [minmay_the_grid_octo_concentric,
          minmay_the_grid_octo_prize_single_spiral,
          minmay_the_grid_octo_pinwheel], layout_gridville,
          grunt_lair_entry_orc_guard_hut, uniq_amaemon, uniq_grum
D:9:      layout_roguey, mainiacjoe_overflow_cross_hatched, uniq_pikel

Skill      XL: |  1  2  3  4  5  6  7  8  9 10 11 |
---------------+----------------------------------+-----
Stealth        | 1 3 4 5 6 8 11 14 15 | 15.6
Dodging        | 4 5 6 |  6.9
Short Blades   | 5 6 7 9 10 11 | 11.9
Fighting       | 4 5 6 |  6.2
Armour         | 1 2 3 4 |  4.1
Evocations     | |  0.6

Action                     |  1- 3 |  4- 6 |  7- 9 | 10-12 || total
---------------------------+-------+-------+-------+-------++-------
  Melee: Short sword       |    76 |       |       |       ||    76
         Dagger            |    25 |   248 |   437 |   355 ||  1065
         Punch             |     1 |       |       |       ||     1
  Evoke: Wand              |       |       |       |     9 ||     9
    Use: Scroll            |     4 |     7 |     5 |     7 ||    23
         Potion            |       |     1 |       |     2 ||     3
   Stab: Sleeping          |     7 |    19 |    32 |    22 ||    80
         Distracted        |     1 |     3 |     1 |     5 ||    10
         Paralysed         |       |       |       |     3 ||     3
 Armour: Robe              |    37 |    74 |     4 |       ||   115
         Leather armour    |       |       |    79 |       ||    79
         Scale mail        |       |       |     7 |   187 ||   194
  Dodge: Dodged            |    71 |   175 |   163 |   225 ||   634
  Block: Buckler           |       |    50 |    64 |    81 ||   195

Table legend: (Time is in decaauts)
 A = Elapsed time spent in this place.
 B = Non-inter-level travel time spent in this place.
 C = Inter-level travel time spent in this place.
 D = Time resting spent in this place.
 E = Time spent auto-exploring this place.
 F = Levels seen in this place.
 G = Mean time per level.
                   A        B        C        D        E       F      G
               +--------+--------+--------+--------+--------+-----+--------+
         Total |  11030 |  10769 |    261 |   1853 |   5490 |  11 | 1002.7 |
       Dungeon |   9508 |   9247 |    261 |   1345 |   5193 |   9 | 1056.4 |
         Sewer |    607 |    607 |      0 |     84 |    217 |   1 |  607.0 |
        Bailey |    913 |    913 |      0 |    423 |     79 |   1 |  913.0 |
               +--------+--------+--------+--------+--------+-----+--------+

Top non-repeatable levels by time:
     D:3: 2480 daAuts
     D:2: 1556 daAuts
     D:7: 1132 daAuts
     D:1: 1126 daAuts
     D:5: 947 daAuts
  Bailey: 913 daAuts
     D:6: 825 daAuts
     D:4: 823 daAuts
     D:8: 615 daAuts
   Sewer: 607 daAuts
     D:9: 1 daAuts
